 Dungeon Crawl Stone Soup version 0.29.1-2-gbd0b4ee654 (webtiles) character file.

Game seed: 13163316090899013214

186 kingsuperguy the Chopper (level 5, -9/105 HPs)
             Began as a Minotaur Berserker on Nov 29, 2022.
             Was a Believer of Trog.
             Mangled by an orc wizard
             ... wielding a +0 dagger of electrocution
              (19 damage)
             ... on level 3 of the Dungeon.
             The game lasted 00:03:35 (1985 turns).

kingsuperguy the Chopper (Minotaur Berserker)       Turns: 1985, Time: 00:03:36

Health: -9/105     AC: 22    Str: 27 (28) XL:     5   Next: 38%
Magic:  4/4        EV:  2    Int:  3      God:    Trog [**....]
Gold:   171        SH:  0    Dex:  8      Spells: 4/4 levels left

rFire   . . .      SeeInvis .   r - +0 mace (protect)
rCold   . . .      Faith    .   (no shield)
rNeg    . . .      Spirit   .   (body armour currently unavailable)
rPois   +          Reflect  .   (helmet currently unavailable)
rElec   .          Harm     .   (cloak currently unavailable)
rCorr   .          Rampage  .   (gloves currently unavailable)
Will    ++...      NoTele   +   (boots currently unavailable)
Stlth   ..........              (no amulet)
HPRegen 1.27/turn               c - ring of poison resistance
MPRegen 0.09/turn               (no ring)

@: berserking, tree-form, strong-willed, regenerating, invisible, very quick
A: stationary, stasis, torment immunity, boosted hp, (horns 2), (retaliatory
headbutt), (iridescent scales 1), deterioration 1, strong 1
a: Renounce Religion, Berserk, Trog's Hand


You were on level 3 of the Dungeon.
You worshipped Trog.
Trog was pleased with you.
You were a tree.
You visited 1 branch of the dungeon, and saw 3 of its levels.

You collected 171 gold pieces.

Inventory:

Hand Weapons
 a - a +0 hand axe
 f - a +0 spear of venom
 r - a +0 mace of protection (weapon)
Missiles
 t - 9 poisoned darts (quivered)
Armour
 b - a +0 animal skin
 i - a +0 chain mail (melded)
 l - a +0 pair of boots (melded)
Jewellery
 c - a ring of poison resistance (left branch)
 n - a ring of flight
Scrolls
 d - a scroll of brand weapon {unknown}
 e - 4 scrolls of identify {unknown}
 h - 3 scrolls of teleportation {unknown}
 j - a scroll of noise {unknown}
 p - a scroll of enchant weapon {unknown}
 q - a scroll of enchant armour {unknown}
 s - 2 scrolls of summoning {unknown}
Potions
 k - a potion of heal wounds {unknown}
 m - a potion of lignification
 u - a potion of might
 v - a potion of mutation


   Skills:
 + Level 4.7 Fighting
 + Level 5.3(5.5) Axes
 + Level 2.0(4.0) Maces & Flails
 + Level 3.4 Armour
 + Level 2.8 Dodging
 + Level 0.2 Stealth


You had 4 spell levels left.
You didn't know any spells.
Your spell library was empty.

Dungeon Overview and Level Annotations

Branches:
Dungeon (3/15)

Altars:


Innate Abilities, Weirdness & Mutations

You are a tree.
Your roots penetrate the ground, keeping you stationary.
You cannot be teleported.
You are immune to unholy pain and torment.
Your maximum health is greatly increased.
Your equipment is partially melded.
((You have a pair of horns on your head.))
((You reflexively headbutt those who attack you in melee.))
((You are partially covered in iridescent scales. (AC +2)))
Your body sometimes deteriorates upon taking damage.
Your muscles are strong. (Str +4, Int/Dex -1)


Message History

The orc priest is heavily wounded.
The orc priest hits you with a +0 short sword.
The orc priest hits you but does no damage.
You hit the orc priest.
The orc priest is severely wounded.
The orc priest barely misses you.
You hit the orc priest.
You kill the orc priest!
Trog accepts your kill.
Your base Maces & Flails skill increases to level 2!
You barely miss something. Something hits you but does no damage.
You are electrocuted!
You hit something. Something hits you but does no damage.
You are electrocuted!!
* * * LOW HITPOINT WARNING * * *
Something hits you but does no damage.
You are too injured to fight recklessly!
Your skin crawls.
You feel strong-willed. Something hits you.
* * * LOW HITPOINT WARNING * * *
It was a potion of mutation.
You feel extremely strange.
You feel yourself wasting away.
You feel stronger.
Iridescent scales grow over part of your body.
Something hits you but does no damage.
It was a potion of lignification.
You turn into a tree.
Your +0 pair of boots melds into your body.
Your +0 chain mail melds into your body.
Your roots penetrate the ground.
Something hits you but does no damage.
You are electrocuted!
* * * LOW HITPOINT WARNING * * *
Your body deteriorates!
You feel weakened.
It was a potion of invisibility.
You fade into invisibility!
Something hits you but does no damage.
It was a potion of berserk rage.
A red film seems to cover your vision as you go berserk!
You feel yourself moving faster!
You feel mighty! Something hits you but does no damage.
You are electrocuted!!
You die...

#.# # #.# # #.# #
### #.######## ..#
#.#....... #.#
#......... #o#
###.###### #)#
#.##.... #♣#
##.##.###
#.########...#.###
#..........#......
##########...#....
##......[ ####....
##... ###. #.


You could see an orc (unable to see you).

Vanquished Creatures
  An orc priest (D:3)
  Natasha (D:3)
  Robin (D:3)
  2 adders
  5 gnolls
  A worm (D:2)
  2 orcs (D:3)
  5 ball pythons
  4 endoplasms
  2 giant cockroaches (D:1)
  10 goblins
  4 hobgoblins
  2 jackals (D:2)
  3 bats (D:1)
  A frilled lizard (D:1)
  5 kobolds
  4 rats
53 creatures vanquished.

Notes
Turn   | Place    | Note
-------+----------+-------------------------------------------
     0 | D:1      | kingsuperguy the Minotaur Berserker began the quest for the
                  | Orb.
     0 | D:1      | Reached XP level 1. HP: 19/19 MP: 0/0
   266 | D:1      | Found a faded altar of an unknown god.
   277 | D:1      | Reached skill level 4 in Axes
   280 | D:1      | Reached XP level 2. HP: 27/27 MP: 1/1
   886 | D:1      | Reached XP level 3. HP: 32/33 MP: 2/2
  1623 | D:3      | Noticed Robin
  1632 | D:3      | Reached ** piety under Trog
  1644 | D:3      | Killed Robin
  1645 | D:3      | Reached XP level 4. HP: 36/41 MP: 3/3
  1700 | D:3      | Noticed Natasha
  1709 | D:3      | Reached skill level 5 in Axes
  1710 | D:3      | Killed Natasha
  1711 | D:3      | Reached skill level 1 in Maces & Flails
  1715 | D:3      | Reached XP level 5. HP: 34/47 MP: 4/4
  1982 | D:3      | Gained mutation: Your body sometimes deteriorates upon
                  | taking damage. [potion of mutation]
  1982 | D:3      | Gained mutation: Your muscles are strong. (Str +4, Int/Dex
                  | -1) [potion of mutation]
  1982 | D:3      | Gained mutation: You are partially covered in iridescent
                  | scales. (AC +2) [potion of mutation]
  1985 | D:3      | Mangled by an orc wizard

Illustrated notes

Levels and vault maps discovered:
D:1:      sevenhm_arrival_forest_fort_small_6, layout_basic,
          hellmonk_ecumenical_altar_blasted,
          wander_ebering_terrifying_dragon_lair
D:2:      layout_rooms, hangedman_decor_points
D:3:      layout_loops_ring, serial_shops, shop, uniq_robin, uniq_natasha

Skill      XL: |  1  2  3  4  5 |
---------------+----------------+-----
Axes           | 4 5 |  5.3
Fighting       | 4 |  4.7
Armour         | 3 |  3.4
Maces & Flails | 1 2 |  2.0
Dodging        | |  2.8
Stealth        | |  0.2

Action                   |  1- 3 |  4- 6 || total
-------------------------+-------+-------++-------
Melee: Hand axe          |    63 |       ||    63
       Headbutt          |    12 |     6 ||    18
       Mace              |    24 |    36 ||    60
Invok: Berserk           |       |     1 ||     1
       Trog's Hand       |       |     1 ||     1
  Use: Potion            |       |     4 ||     4
Armor: Animal skin       |     8 |       ||     8
       Chain mail        |    48 |    48 ||    96
       Skin              |       |     3 ||     3
Dodge: Dodged            |    43 |    25 ||    68
